 Dungeon Crawl Stone Soup version 0.27.1-34-g3ba077fa99 (webtiles) character file.

Game seed: 1999458594752929818

96 Delamore the Sneak (level 4, -2/29 HPs)
             Began as an Octopode Brigand on Feb 12, 2022.
             Slain by an orc (10 damage)
             ... on level 3 of the Dungeon.
             The game lasted 00:01:41 (2799 turns).

Delamore the Sneak (Octopode Brigand)               Turns: 2799, Time: 00:01:42

Health: -2/29      AC:  1    Str: 10    XL:     4   Next: 67%
Magic:  4/4        EV: 10    Int: 13    God:
Gold:   68         SH:  7    Dex: 14    Spells: 3/3 levels left

rFire    . . .     SeeInvis .   a - +2 dagger
rCold    . . .     Faith    .   d - +0 kite shield
rNeg     . . .     Spirit   .   (helmet restricted)
rPois    .         Reflect  .   m - amulet of the acrobat
rElec    .         Harm     .   h - ring of flight
rCorr    .         Rampage  .   (no ring)
Will     .....                  (no ring)
Stlth    ++++......             (no ring)
HPRegen  0.09/turn              (no ring)
MPRegen  0.09/turn              (no ring)
                                (no ring)
                                (no ring)

@: lethally poisoned (-2 -> -4), flying
A: almost no armour, amphibious, 8 rings, camouflage 1, gelatinous body 1,
(nimble swimmer 1), tentacles
a: no special abilities


You were on level 3 of the Dungeon.
You visited 1 branch of the dungeon, and saw 3 of its levels.

You collected 68 gold pieces.

Inventory:

Hand Weapons
 a - a +2 dagger (weapon)
Missiles
 b - 15 poisoned darts (quivered)
 c - 2 curare-tipped darts
Armour
 d - a +0 kite shield (worn)
Jewellery
 h - a ring of flight (left tentacle)
 k - an amulet of faith
 m - an amulet of the acrobat (around mantle)
Scrolls
 f - 2 scrolls of blinking {unknown}
 g - a scroll of teleportation
 i - a scroll of immolation {unknown}
 j - a scroll of summoning {unknown}
 l - a scroll of magic mapping {unknown}
 n - a scroll of silence {unknown}
Potions
 e - a potion of curing


   Skills:
 - Level 2.0 Fighting
 + Level 2.9 Short Blades
 - Level 2.0 Throwing
 - Level 1.0 Dodging
 * Level 7.0 Stealth
 + Level 1.6 Shields


You had 3 spell levels left.
You didn't know any spells.
Your spell library was empty.

Dungeon Overview and Level Annotations

Branches:
Dungeon (3/15)

Altars:
Kikubaaqudgha
Yredelemnul


Innate Abilities, Weirdness & Mutations

You cannot wear most types of armour.
You are amphibious.
You can wear up to eight rings at the same time.
Your skin changes colour to match your surroundings (Stealth+).
Your rubbery body absorbs attacks. (AC +1, EV +1)
((You are camouflaged near water. (Stealth+)))
You have tentacles for arms and can constrict up to eight enemies at once.


Message History

An orc wizard comes into view. It is wielding a +2 dagger of venom.
The orc shouts!
The orc wizard shouts!
The orc shouts!
Found a stone staircase leading down.
You hit the kobold.
You kill the kobold!
You barely miss the orc wizard. You grab the orc wizard.
You constrict the orc wizard.
The orc wizard hits you with a +2 dagger of venom.
You are poisoned.
You block the orc wizard's attack.
You hit the orc wizard.
The orc wizard is moderately wounded.
You constrict the orc wizard.
You feel very sick.
The orc hits you with a +1 hand axe of electrocution.
You block the orc's attack.
The orc wizard points at you and mumbles some strange words.
The puff of flame misses you.
You hit the orc wizard. You squeeze the orc wizard.
The orc wizard is almost dead.
You constrict the orc wizard.
You kill the orc wizard!
You feel sick. The orc hits you but does no damage.
The orc hits you with a +0 hand axe.
Your Stealth skill increases to level 7!
You hit the orc. You grab the orc. You squeeze the orc, but do no damage.
The orc is heavily wounded.
You constrict the orc, but do no damage.
You feel sick. You block the orc's attack. The orc completely misses you.
You hit the orc.
The orc is severely wounded.
You constrict the orc.
You kill the orc!
You feel sick. You block the orc's attack.
You hit the orc but do no damage. You grab the orc. You constrict the orc.
You feel sick.
The orc hits you with a +1 hand axe of electrocution!
* * * LOW HITPOINT WARNING * * *
You are electrocuted!
You die...

#### ## # #.. .# ..#
#.# .##...#
########.#####)....>.
#............@)?.....
#.##.##..#####o......
##.##.##..# .##...#
###.....##.... .# ..#
......####.##... ## #
###...####.# .._.#
##.........# ...#
##.##.###### .P.#
##.##..... ..#


You could see an orc.

Vanquished Creatures
  An orc wizard (D:3)
  2 adders (D:3)
  A dart slug (D:1)
  2 orcs (D:3)
  8 endoplasms
  8 giant cockroaches
  3 goblins
  5 hobgoblins
  3 ball pythons (D:1)
  2 bats (D:1)
  5 frilled lizards (D:1)
  3 kobolds
  4 rats
47 creatures vanquished.

Notes
Turn   | Place    | Note
-------+----------+-------------------------------------------
     0 | D:1      | Delamore the Octopode Brigand began the quest for the Orb.
     0 | D:1      | Reached XP level 1. HP: 14/14 MP: 1/1
   244 | D:1      | Reached XP level 2. HP: 17/19 MP: 2/2
   683 | D:1      | Reached skill level 6 in Stealth
   973 | D:1      | Reached XP level 3. HP: 20/24 MP: 3/3
  1386 | D:1      | Reached skill level 1 in Shields
  1715 | D:2      | Found a faded altar of an unknown god.
  2435 | D:2      | Found an ancient bone altar of Kikubaaqudgha.
  2531 | D:3      | Reached XP level 4. HP: 20/29 MP: 4/4
  2783 | D:3      | Found a basalt altar of Yredelemnul.
  2797 | D:3      | Reached skill level 7 in Stealth
  2799 | D:3      | Slain by an orc

Illustrated notes

Levels and vault maps discovered:
D:1:      saegor_arrival_simple_e, layout_basic, minmay_lizard_pond
D:2:      layout_loops_ring, basic_altar,
          shapermc_ecumenical_altar_mp_ritualfount,
          hangedman_decor_clover_reticule, chequers_serial_rivers_micro_c,
          guppyfry_early_lair_pool
D:3:      layout_loops_cross, mainiacjoe_overflow_tiny_flanked,
          gammafunk_ghost_grave, grunt_decor_resistance, nrook_mini_backslash

Skill      XL: |  1  2  3  4 |
---------------+-------------+-----
Stealth        | 6 7 |  7.0
Shields        | 1 |  1.6
Fighting       | |  2.0
Short Blades   | |  2.9
Throwing       | |  2.0
Dodging        | |  1.0

Action                   |  1- 3 |  4- 6 || total
-------------------------+-------+-------++-------
Melee: Dagger            |    88 |    10 ||    98
       Constrict         |    18 |     4 ||    22
       Tentacles         |    11 |     3 ||    14
Throw: Dart              |     3 |       ||     3
  Use: Scroll            |     2 |       ||     2
 Stab: Sleeping          |    13 |     1 ||    14
Armor: Skin              |     4 |     1 ||     5
Dodge: Dodged            |    22 |     2 ||    24
Block: Kite shield       |    19 |     6 ||    25
